 Dungeon Crawl Stone Soup version 0.19.0-9-gfd783f2 (webtiles) character file.

6038 Pepeogr the Carver (level 10, 0/84 HPs)
             Began as a Demonspawn Fighter on Nov 7, 2016.
             Was a Priest of Dithmenos.
             Slain by a basilisk (4 damage)
             ... on level 10 of the Dungeon on Nov 8, 2016.
             The game lasted 01:02:38 (9660 turns).

Pepeogr the Carver (Demonspawn Fighter)             Turns: 9660, Time: 01:02:38

Health: 0/84       AC: 14    Str: 21    XL:     10   Next: 56%
Magic:  10/10      EV:  3    Int:  9    God:    Dithmenos [***...]
Gold:   338        SH:  0    Dex: 14    Spells: 0 memorised, 9 levels left

rFire  . . .     SeeInvis +     a - +5 long sword
rCold  . . .     Gourm    .     A - +0 plate armour
rNeg   . . .     Faith    .     c - +0 shield
rPois  .         Spirit   .     (helmet restricted)
rElec  .         Reflect  .     m - +0 cloak
rCorr  .         Harm     .     (no gloves)
MR     .....                    (no boots)
Stlth  ..........               M - amulet of regeneration
                                (no ring)
                                x - ring of see invisible

@: petrifying, wreathed by umbra, very slow
A: antennae 2, claws 2, powered by death 3, robust 1, strong 1
a: Shadow Step, Renounce Religion


You were on level 10 of the Dungeon.
You worshipped Dithmenos.
Dithmenos was most pleased with you.
You were not hungry.

You visited 2 branches of the dungeon, and saw 11 of its levels.

You collected 613 gold pieces.
You spent 275 gold pieces at shops.

Inventory:

Hand Weapons
 a - a +5 long sword (weapon)
 e - a +3 short sword of freezing
 i - a cursed +3 hand axe
 n - a +1 spear of venom
 v - a +1 long sword of draining
 y - a +2 whip of flaming
Missiles
 o - 7 tomahawks of returning (quivered)
Armour
 b - a +1 scale mail
 c - a +0 shield (worn)
 k - a +0 ring mail
 m - a +0 cloak (worn)
 u - a +0 buckler
 A - a +0 plate armour (worn)
 O - the +2 robe of Wasted Space {Regen+, unknown}
   (You found it on level 9 of the Dungeon)

   It increases your rate of regeneration.
 P - a cursed +0 ring mail
Magical Staves
 D - an uncursed staff of wizardry
 G - an uncursed staff of summoning
Jewellery
 g - an uncursed ring of magical power
 h - an uncursed amulet of guardian spirit
 l - an uncursed amulet of guardian spirit
 p - an uncursed amulet of rage
 w - a cursed amulet of faith
 x - a ring of see invisible (left claw)
 z - an uncursed amulet of guardian spirit
 M - an amulet of regeneration (around neck)
Wands
 q - a wand of polymorph (5/24)
 r - a wand of digging (17/24)
 t - a wand of random effects (34/48)
 C - a wand of confusion (22/48)
 L - a wand of paralysis (4/24)
 S - a wand of lightning (0/15)
Scrolls
 B - a scroll of teleportation
 E - a scroll of amnesia {unknown}
 H - 2 scrolls of immolation {unknown}
 K - a scroll of recharging
Potions
 d - a potion of brilliance
 s - 2 potions of degeneration
 N - a potion of magic
Books
 Q - a book of Battle

   Spells                             Type                      Level
   a - Infusion                       Charms                       1
   b - Shroud of Golubria             Charms/Translocation         2
   c - Song of Slaying                Charms                       2
   d - Spectral Weapon                Hexes/Charms                 3
   e - Regeneration                   Charms/Necromancy            3
Comestibles
 f - 4 bread rations
 j - 5 meat rations
 J - 4 fruits
 R - a beef jerky


   Skills:
 + Level 6.4 Fighting
 * Level 10.9 Long Blades
 + Level 6.2 Armour
 + Level 2.8 Dodging
 + Level 1.1 Stealth
 + Level 5.7 Shields
 + Level 0.8 Evocations


You had 9 spell levels left.
You didn't know any spells.

Dungeon Overview and Level Annotations

Branches:
Dungeon (10/15)            Temple (1/1) D:7            Lair (0/6) D:10
    Orc: D:9-12

Altars:
Ashenzari
Dithmenos
Fedhas
Gozag
Hepliaklqana
Makhleb
Nemelex Xobeh
Qazlal
Ru
Uskayaw
Vehumet
Zin
The Shining One

Shops:
D:5 [   D:7 (}

Annotations:
D:10 Fannar


Innate Abilities, Weirdness & Mutations

You have a pair of antennae on your head.
You have very sharp fingernails.
You regenerate a lot of health from kills.
You are robust. (+10% HP)
Your muscles are strong. (Str +2)


Message History

The basilisk hisses angrily.
The iguana hisses angrily. x2
The river rat bites the plant but does no damage.
The river rat completely misses the fungus.
The basilisk gazes at you. You resist with some effort.
The iguana bites the fungus!
You block the iguana's attack.
You closely miss the basilisk.
The killer bee buzzes angrily.
The river rat bites the fungus.
The basilisk bites you.
* * * LOW HITPOINT WARNING * * *
The iguana bites the fungus!
The iguana barely misses you.
The river rat bites something.
The basilisk bites you!
* * * LOW HITPOINT WARNING * * *
The basilisk gazes at you.
You are slowing down.
As you read the scroll of fog, it crumbles to dust.
The scroll dissolves into smoke.
Something bites the plant but does no damage.
The basilisk bites you!
You die...

...P.......##
.....♣!.....#
..>...P.t♣..#
.......r.l..#
...........#
♣.♣♣.l.♣l...#
♣.P..PyP..§.##.#
.rP..P.§ll..>..#
.PP...♣§@§§.####


.lP.P ####### #### ########### .......<..# #########...+ ### You could see 2
basilisks, a crocodile, 3 iguanas, a killer bee and a river rat.

Vanquished Creatures
  A hill giant (Temple)
  Pikel (D:7)
  A merfolk (D:9)
  A queen bee (D:10)
  Grinder (D:7)
  A water moccasin (D:7)
  4 orc warriors
  3 ice beasts
  2 black bears
  A necrophage (D:6)
  4 ogres
  A centaur (D:6)
  2 big kobolds
  4 bullfrogs
  3 scorpions
  16 killer bees
  5 wights (D:7)
  4 howler monkeys
  6 crimson imps
  6 orc priests
  2 centaur skeletons
  8 hounds
  3 jellies
  A bullfrog skeleton (D:8)
  8 worker ants
  9 orc wizards
  2 hound skeletons (D:6)
  2 howler monkey zombies (D:6)
  A worker ant zombie (D:5)
  10 adders
  3 shadow imps
  3 worms
  2 dart slugs
  6 leopard geckos
  29 orcs
  2 ball pythons
  4 giant cockroaches
  4 goblins
  7 hobgoblins
  12 jackals
  2 quokkas (D:6)
  7 bats
  A frilled lizard (D:2)
  A jackal skeleton (D:7)
  17 kobolds
  2 leopard gecko skeletons
  A quokka skeleton (D:5)
  6 rats
222 creatures vanquished.

Vanquished Creatures (others)
  4 slaves (D:7)
  A bush (D:10)
5 creatures vanquished.

Grand Total: 227 creatures vanquished

Notes
Turn   | Place    | Note
-------+----------+-------------------------------------------
     0 | D:1      | Pepeogr the Demonspawn Fighter began the quest for the Orb.
     0 | D:1      | Reached XP level 1. HP: 18/18 MP: 1/1
   246 | D:1      | Gained mutation: You regenerate a little health from kills. [demonic ancestry]
   246 | D:1      | Reached XP level 2. HP: 21/24 MP: 2/2
   367 | D:1      | Reached skill level 2 in Long Blades
   695 | D:2      | Reached XP level 3. HP: 11/29 MP: 3/3
  1311 | D:3      | Found a glowing golden altar of the Shining One.
  1442 | D:3      | Gained mutation: You have sharp fingernails. [demonic ancestry]
  1442 | D:3      | Reached XP level 4. HP: 33/35 MP: 2/4
  2312 | D:4      | Reached skill level 3 in Long Blades
  2711 | D:4      | Reached skill level 1 in Dodging
  2834 | D:5      | Entered Level 5 of the Dungeon
  2835 | D:5      | Noticed an ice beast
  2850 | D:4      | Killed an ice beast
  2850 | D:4      | Gained mutation: You have very sharp fingernails. [demonic ancestry]
  2850 | D:4      | Reached XP level 5. HP: 29/41 MP: 3/5
  2892 | D:5      | Found Ratud's Antique Armour Boutique.
  2898 | D:5      | Reached skill level 4 in Long Blades
  2948 | D:5      | Reached XP level 6. HP: 46/47 MP: 6/6
  2987 | D:5      | HP: 2/47 [orc priest/trident (6)]
  3408 | D:5      | Noticed an ice beast
  3414 | D:5      | Killed an ice beast
  3414 | D:5      | Reached skill level 5 in Long Blades
  3414 | D:5      | Gained mutation: You have a pair of small antennae on your head. [demonic ancestry]
  3414 | D:5      | Reached XP level 7. HP: 52/52 MP: 7/7
  3604 | D:5      | Found a shadowy altar of Dithmenos.
  3631 | D:5      | Became a worshipper of Dithmenos the Shadowed
  3703 | D:6      | Found a burning altar of Makhleb.
  3738 | D:6      | Noticed Grinder
  3816 | D:6      | Reached skill level 6 in Long Blades
  4042 | D:6      | Gained mutation: Your muscles are strong. (Str +2) [potion of beneficial mutation]
  4045 | D:6      | Gained mutation: You are robust. (+10% HP) [potion of beneficial mutation]
  4198 | D:6      | Gained mutation: You regenerate health from kills. [demonic ancestry]
  4198 | D:6      | Reached XP level 8. HP: 65/66 MP: 8/8
  4287 | D:6      | Reached skill level 7 in Long Blades
  4559 | D:7      | Reached * piety under Dithmenos
  4786 | D:7      | Found Nolewomu's Antique Weapon Emporium.
  4814 | D:7      | Found Odwah's Gadget Shop.
  4824 | D:7      | Bought a runed long sword for 275 gold pieces
  5230 | D:7      | Reached skill level 8 in Long Blades
  5305 | D:7      | Reached skill level 1 in Stealth
  5333 | D:7      | Noticed Pikel
  5411 | D:7      | Killed Pikel
  5411 | D:7      | Reached skill level 5 in Fighting
  5411 | D:7      | Reached skill level 5 in Armour
  5411 | D:7      | Gained mutation: You regenerate a lot of health from kills. [demonic ancestry]
  5411 | D:7      | Reached XP level 9. HP: 58/74 MP: 7/9
  5537 | D:7      | Found a stormy altar of Qazlal.
  5618 | D:7      | Found a staircase to the Ecumenical Temple.
  5684 | Temple   | Entered the Ecumenical Temple
  6434 | D:7      | Reached skill level 9 in Long Blades
  6439 | D:7      | Reached ** piety under Dithmenos
  6555 | D:8      | Paralysed by Grinder for 4 turns
  6562 | D:7      | Paralysed by Grinder for 7 turns
  6575 | D:7      | Reached skill level 5 in Shields
  6577 | D:7      | Paralysed by Grinder for 6 turns
  6585 | D:7      | HP: 3/74 [Grinder/nerve-wracking pain (9)]
  6588 | D:7      | Killed Grinder
  6904 | D:7      | Noticed a hill giant
  6993 | Temple   | Killed a hill giant
  7493 | D:8      | Gained mutation: You have a pair of antennae on your head. [demonic ancestry]
  7493 | D:8      | Reached XP level 10. HP: 74/83 MP: 10/10
  7611 | D:8      | Reached skill level 10 in Long Blades
  7860 | D:9      | Reached *** piety under Dithmenos
  7880 | D:9      | Noticed a hand axe
  7930 | D:9      | Noticed a hand axe
  7989 | D:10     | Entered Level 10 of the Dungeon
  8405 | D:9      | Identified a scroll of acquirement
  8653 | D:9      | Found a sparkling altar of Nemelex Xobeh.
  8703 | D:9      | Got a steaming robe
  8954 | D:9      | Found a glowing silver altar of Zin.
  9248 | D:9      | Found a hide-covered altar of Uskayaw.
  9632 | D:10     | Noticed Fannar
  9655 | D:10     | Found a staircase to the Lair.
  9659 | D:10     | HP: 3/84 [basilisk (11)]
  9660 | D:10     | Slain by a basilisk

Skill      XL: |  1  2  3  4  5  6  7  8  9 10 |
---------------+-------------------------------+-----
Long Blades    | 2 3 4 5 6 8 9 10 | 10.9
Shields        | 3 4 5 |  5.7
Armour         | 3 4 5 6 |  6.2
Dodging        | 1 2 |  2.8
Fighting       | 5 6 |  6.4
Stealth        | 1 |  1.1
Evocations     | |  0.8

Action                   |  1- 3 |  4- 6 |  7- 9 | 10-12 || total
-------------------------+-------+-------+-------+-------++-------
Melee: Long sword        |   126 |   102 |   387 |   221 ||   836
Evoke: Wand              |       |       |     5 |     4 ||     9
  Use: Potion            |     5 |     3 |    12 |     2 ||    22
       Scroll            |    12 |     4 |     7 |     9 ||    32
  Eat: Meat ration       |     1 |       |       |       ||     1
       Bread ration      |       |     1 |     3 |     2 ||     6
       Fruit             |       |       |       |     1 ||     1
Armor: Scale mail        |    68 |    59 |   107 |       ||   234
       Plate armour      |       |       |   123 |   110 ||   233
Dodge: Dodged            |    42 |    21 |   132 |    62 ||   257
Block: Shield            |    73 |    57 |   222 |   140 ||   492
       Rpst.: Long sword |    16 |     8 |    30 |    20 ||    74
